 Dungeon Crawl Stone Soup version 0.30.0-29-ga12c61a403 (webtiles) character file.

Game seed: 17329863410712726933

147 KamiKatze the Conjurer (level 5, 0/31 HPs)
             Began as an Octopode Conjurer on June 3, 2023.
             Slain by a hound (4 damage)
             ... on level 2 of the Dungeon.
             The game lasted 00:10:24 (2202 turns).

KamiKatze the Conjurer (Octopode Conjurer)          Turns: 2202, Time: 00:10:25

Health: 0/31       AC:  1    Str:  6    XL:     5   Next: 29%
Magic:  9/9        EV: 13    Int: 23    God:
Gold:   225        SH:  0    Dex: 10    Spells: 2/9 levels left

rFire   . . .        c - +0 whip
rCold   . . .        (no shield)
rNeg    . . .        (helmet restricted)
rPois   .            p - amulet of regeneration
rElec   .            (no ring)
rCorr   .            (no ring)
SInv    .            (no ring)
Will    .....        (no ring)
Stlth   +++          (no ring)
HPRegen 1.05/turn    (no ring)
MPRegen 0.11/turn    (no ring)
                     (no ring)

%: no passive effects
@: no status effects
A: almost no armour, amphibious, 8 rings, camouflage 1, gelatinous body 1,
(nimble swimmer 1), tentacles
a: no special abilities


You were on level 2 of the Dungeon.
You visited 1 branch of the dungeon, and saw 3 of its levels.

You collected 225 gold pieces.

Inventory:

Hand Weapons
 c - a +0 whip (weapon)
Missiles
 f - 2 poisoned darts (quivered)
Jewellery
 p - an amulet of regeneration (around mantle)
Scrolls
 b - 2 scrolls of magic mapping {unknown}
 d - 2 scrolls of immolation {unknown}
 g - 2 scrolls of amnesia {unknown}
 m - a scroll of blinking {unknown}
 n - a scroll of identify {unknown}
 o - a scroll of vulnerability {unknown}
Potions
 a - a potion of magic
 e - a potion of heal wounds {unknown}
 h - a potion of lignification {unknown}
 i - a potion of cancellation {unknown}
 j - a potion of mutation {unknown}
 k - a potion of flight {unknown}
 l - a potion of ambrosia {unknown}


   Skills:
 + Level 1.0 Throwing
 + Level 2.3 Dodging
 - Level 3.0 Stealth
 * Level 2.8 Spellcasting
 * Level 4.5 Conjurations
 * Level 1.8 Hexes
 * Level 1.6 Translocations
 + Level 1.2 Evocations


You had 2 spell levels left.
You knew the following spells:

 Your Spells              Type           Power      Damage    Failure   Level
a - Magic Dart            Conj           92%        1d7       1%          1
b - Searing Ray           Conj           46%        2d6       2%          2
c - Fulminant Prism       Conj/Hex       8%         3d7       32%         4

Your spell library contained the following spells:

 Spells                   Type           Power      Damage    Failure   Level
 Momentum Strike          Conj/Tloc      34%        3d8       4%          2
 Apportation              Tloc           20%        N/A       6%          1
 Blink                    Tloc           20%        N/A       9%          2
 Lesser Beckoning         Tloc           20%        N/A       9%          2
 Dazzling Flash           Conj/Hex       34%        N/A       10%         3
 Iskenderun's Mystic Bla  Conj/Tloc      17%        2d5       32%         4
 Alistair's Intoxication  Tmut/Pois      2%         N/A       97%         5


Dungeon Overview and Level Annotations

Branches:
Dungeon (3/15)

Altars:


Innate Abilities, Weirdness & Mutations

You cannot wear most types of armour.
You are amphibious.
You can wear up to eight rings at the same time.
Your skin changes colour to match your surroundings (Stealth+).
Your rubbery body absorbs attacks. (AC +1, EV +1)
((You are camouflaged when in or above water. (Stealth+)))
You have tentacles for arms and can constrict up to eight enemies at once.


Message History

You finish channelling your searing ray.
An endoplasm comes into view.
Your Throwing skill increases to level 1!
The hound barely misses you. The hound bites you. The hound barely misses you.
The hound attacks as you move away! The hound closely misses you.
The hound bites you. The hound attacks as you move away! The hound bites you.
The hound bites you.
The hobgoblin shouts!
The hound bites you. The hound attacks as you move away! The hound bites you.
The hound attacks as you move away! The hound bites you.
* * * LOW HITPOINT WARNING * * *
The hound barely misses you.
There is a stone staircase leading up here.
Casting: Searing Ray (safe; 2% risk of failure)
Confirm with . or Enter, or press ? or * to list all spells.
Aiming: Searing Ray (safe; 2% risk of failure)
Press: ? - help, Shift-Dir - straight line, f - hound
Aim: a hound (69% to hit)
The searing ray hits the hound!
The hound is heavily wounded. (Press . to maintain the ray.)
The hound completely misses you.
The searing ray misses the hound.
The hound bites you.
* * * LOW HITPOINT WARNING * * *
The hound bites you.
* * * LOW HITPOINT WARNING * * *
Without enough magic to sustain it, your searing ray dissipates.
The hound barely misses you.
Unknown command.
The hound bites you.
* * * LOW HITPOINT WARNING * * *
The hound bites you.
* * * LOW HITPOINT WARNING * * *
You climb upwards.
There is a stone staircase leading down here.
Magic courses through your body. The hound bites you.
You die...

#######.# #..........#.<
#..<....# #.....#######.
#.......# ####...## ##..
#.......# ###...###...
#......#######.##...>...#
#...............##.._..##
#......######..#.##...##.
#........###..#####...#..
#......h@.#..## #...#..
#...........## #...#)#
#...........# ###.....#
####........## #...##.##
##[.......####.####.#
######.........##...##...#
#..............##.####.###
#.................#....#
#............#......####


You could see a hound.

Vanquished Creatures
  Ijyb (D:3)
  3 adders (D:2)
  3 gnolls (D:2)
  A worm (D:2)
  3 dart slugs
  4 ball pythons
  6 bats (D:1)
  8 endoplasms
  5 giant cockroaches
  2 goblins (D:1)
  4 hobgoblins
  6 kobolds
  4 quokkas
  4 frilled lizards
  A rat (D:1)
55 creatures vanquished.

Notes
Turn   | Place    | Note
-------+----------+-------------------------------------------
     0 | D:1      | KamiKatze the Octopode Conjurer began the quest for the
                  | Orb.
     0 | D:1      | Reached XP level 1. HP: 11/11 MP: 3/3
   220 | D:1      | Reached XP level 2. HP: 17/17 MP: 1/5
   223 | D:1      | Learned a level 2 spell: Searing Ray
   482 | D:1      | Reached skill level 1 in Hexes
   482 | D:1      | Reached XP level 3. HP: 17/21 MP: 3/6
   645 | D:1      | Reached skill level 1 in Translocations
   984 | D:2      | Found a faded altar of an unknown god.
  1292 | D:2      | Reached skill level 1 in Evocations
  1292 | D:2      | Reached XP level 4. HP: 27/27 MP: 1/7
  1775 | D:2      | Learned a level 4 spell: Fulminant Prism
  2046 | D:3      | Reached XP level 5. HP: 31/31 MP: 4/9
  2179 | D:3      | Noticed Ijyb
  2186 | D:3      | Killed Ijyb
  2187 | D:3      | Reached skill level 1 in Throwing
  2200 | D:3      | HP: 1/31 [hound (5)]
  2202 | D:2      | Slain by a hound

Illustrated notes

Levels and vault maps discovered:
D:1:      minmay_arrival_split_and_join, layout_basic
D:2:      layout_rooms, hellmonk_ecumenical_altar_crossroads
D:3:      layout_basic, mainiacjoe_overflow_small_starburst,
          roderic_roman_lattice, columned_hall_lemuel, uniq_ijyb

Skill      XL: |  1  2  3  4  5 |
---------------+----------------+-----
Hexes          | 1 |  1.8
Translocations | 1 |  1.6
Stealth        | 3 |  3.0
Evocations     | 1 |  1.2
Throwing       | 1 |  1.0
Dodging        | |  2.3
Spellcasting   | |  2.8
Conjurations   | |  4.5

Action                     |  1- 3 |  4- 6 || total
---------------------------+-------+-------++-------
  Melee: Whip              |    24 |     6 ||    30
         Constrict         |     6 |     2 ||     8
         Unarmed           |     2 |       ||     2
         Tentacles         |     8 |     1 ||     9
   Cast: Magic Dart        |    58 |    31 ||    89
         Searing Ray       |     3 |     7 ||    10
    Use: Potion            |       |     1 ||     1
   Stab: Sleeping          |     1 |       ||     1
 Armour: Skin              |     4 |     1 ||     5
  Dodge: Dodged            |    14 |    10 ||    24
